Map: Pillars of Gold LE

Players

Trap

  • Race: Protoss Protoss
  • Spawn Location: 1:00

Astrea - Winner!

  • Race: Protoss Protoss
  • League: Master
  • Spawn Location: 7:00

Event: DreamHack SC2 Masters 2020 Fall

VOD

Have the link to the VOD?

Description

Time

  • Played on: Sept. 15, 2020, 10:30 a.m.
  • Length: 5:41

All games in this series

Show
View Real Time Build Order
Export as new Build Order

Trap Protoss 

Build Orders: 1 Gate Expand 

Get SALT Encoding   

  12  0:00  Probe  
  13  0:12  Probe  
  14  0:19  Pylon  
  14  0:24  Probe  
  15  0:37  Probe (Chrono Boost)  
  15  0:41  Gateway  
  16  0:47  Probe (Chrono Boost)  
  17  0:52  Probe (Chrono Boost)  
  17  0:56  Assimilator  
  18  1:03  Probe  
  19  1:15  Probe  
  20  1:26  Nexus  
  20  1:36  Cybernetics Core  
  20  1:40  Probe  
  20  1:46  Assimilator  
  21  1:52  Zealot (Chrono Boost)  
  23  1:59  Pylon  
  23  2:17  Stalker (Chrono Boost), Probe  
  26  2:29  Probe  
  27  2:30  Warp Gate (Chrono Boost)  
  26  2:37  Stalker (Chrono Boost)  
  26  2:38  Shield Battery  
  28  2:55  Shield Battery  
  28  2:57  Stalker (Chrono Boost)  
  29  3:11  Gateway  
  29  3:20  Pylon  
  29  3:24  Pylon  
  29  3:31  Gateway  
  29  3:39  Stalker  
  29  4:01  Gateway  
  29  4:03  Shield Battery  
  29  4:12  Stalker  
  29  4:18  Adept  
  31  4:24  Gateway  
  31  4:27  Stalker  
  33  4:35  Stalker  
  35  4:51  Stalker  
  35  4:53  Stalker  
  35  4:55  Stalker  
  37  5:12  Stalker  
  33  5:16  Stalker  
  25  5:21  Stalker  
  25  5:23  Stalker  
  27  5:32  Pylon  
Show
View Real Time Build Order
Export as new Build Order

Astrea Protoss - Winner!

Build Orders: Proxy Void Ray 

Get SALT Encoding   

  12  0:09  Pylon  
  12  0:13  Probe  
  13  0:28  Gateway  
  13  0:32  Probe (Chrono Boost)  
  14  0:42  Assimilator, Probe (Chrono Boost)  
  15  0:47  Probe (Chrono Boost)  
  16  0:51  Assimilator  
  16  0:58  Probe (Chrono Boost)  
  17  1:11  Probe (Chrono Boost)  
  18  1:14  Cybernetics Core  
  18  1:16  Probe (Chrono Boost)  
  19  1:25  Probe  
  20  1:27  Pylon  
  20  1:37  Probe  
  21  1:49  Probe  
  21  1:50  Adept  
  24  1:58  Stargate  
  24  2:06  Shield Battery  
  24  2:08  Warp Gate  
  24  2:22  Pylon  
  24  2:23  Shield Battery  
  24  2:32  Void Ray (Chrono Boost)  
  27  2:59  Probe  
  27  3:00  Void Ray (Chrono Boost)  
  30  3:22  Shield Battery  
  30  3:30  Void Ray (Chrono Boost)  
  30  3:33  Gateway  
  34  3:58  Adept  
  36  4:03  Gateway  
  36  4:09  Pylon  
  36  4:18  Void Ray (Chrono Boost)  
  40  4:35  Stalker x2  
  42  4:44  Pylon  
  42  4:48  Void Ray (Chrono Boost)  
  45  5:03  Pylon  
  37  5:25  Stalker x2  

Tags
 
Add a new tag
Caveats
  • Supply blocks, unpowered buildings, or Contaminate may cause inaccurate times.
  • Supply counts are checked every 10 seconds.